 Dungeon Crawl Stone Soup version 0.15.0-11-g6f4f891 (webtiles) character file.

340 RobertPalmer the Poker (level 6, -1/44 HPs)
             Began as a Human Death Knight on Aug 31, 2014.
             Was a Follower of Yredelemnul.
             Slain by a phantom (3 damage)
             ... on Level 4 of the Dungeon.
             The game lasted 00:12:54 (4249 turns).

RobertPalmer the Poker (Human Death Knight)         Turns: 4249, Time: 00:12:55

HP  -1/44        AC  6     Str 13      XL: 6   Next: 87%
MP   9/9         EV 14     Int 11      God: Yredelemnul [*.....]
Gold 150         SH  0     Dex 20      Spells:  0 memorised,  5 levels left

rFire  + . .     SeeInvis .     a - +1 spear
rCold  . . .     Clarity  .     f - +0 ring mail (curse)
rNeg   . . .     rCorr    .     (no shield)
rPois  .         rRot     .     (no helmet)
rElec  .         Spirit   .     b - +0 cloak
SustAb .         Warding  .     (no gloves)
rMut   .         Stasis   .     (no boots)
Gourm  .                        (no amulet)
MR     +....                    x - ring of protection from fire
                                j - ring of protection from magic

@: agile, lethally poisoned, hasted, very quick, somewhat resistant to hostile
enchantments, unstealthy
A: no striking features
a: Animate Remains, Renounce Religion


You were on level 4 of the Dungeon.
You worshipped Yredelemnul.
Yredelemnul was aware of your devotion.
You were hungry.

You visited 1 branch of the dungeon, and saw 4 of its levels.

You collected 150 gold pieces.


   Skills:
 - Level 2.0 Fighting
 + Level 6.8 Polearms
 - Level 1.0 Armour
 - Level 1.0 Dodging
 - Level 3.0 Invocations


You had 5 spell levels left.
You didn't know any spells.

Inventory:

Hand weapons
 a - a +1 spear (weapon)
Missiles
 g - 11 poisoned needles
Armour
 b - a +0 cloak (worn)
 f - a cursed +0 ring mail (worn)
 t - a +0 cloak
 v - a +0 pair of gloves
 y - a +0 helmet
Magical devices
 k - a wand of frost (7)
 q - a wand of enslavement (10)
Comestibles
 c - 2 bread rations
 m - a meat ration
Scrolls
 d - 5 scrolls of identify
 e - a scroll of enchant armour {unknown}
 h - 4 scrolls of blinking {unknown}
 i - a scroll of magic mapping {unknown}
 l - 2 scrolls of fear {unknown}
 n - 2 scrolls of fog {unknown}
 o - 2 scrolls of remove curse {unknown}
Jewellery
 j - a ring of protection from magic (left hand)
 x - a ring of protection from fire (right hand)
Potions
 p - a potion of heal wounds {unknown}
 r - a potion of invisibility {unknown}
 s - a potion of agility
 w - a potion of flight {unknown}

Dungeon Overview and Level Annotations

Branches:
Dungeon (4/15)
 Temple: D:4-7

Altars:
Makhleb
Okawaru
Sif Muna

Annotations:
D:4 Grinder, Menkaure

.....# 8# ###.## #......#
.....# #####... #....#..
.......
.###.....#######....###
......
...................#..#.
.....
..........#####........
.... #.......# #....#...
... #.......# #......##
###...W...#####....#.##
#.K...@............#...
#l..##..$..######....####
.. ##...## #....# # #####
#....# # ##..## # .## #
.# # .# # #


You could see a phantom, an iguana (wandering) and a kobold.


Message History

* * * LOW HITPOINT WARNING * * *
You miss the phantom.
The phantom is almost destroyed.
You closely miss the phantom.
The phantom is almost destroyed.
The phantom closely misses you.
Your ring mail prevents you from hitting the phantom.
The phantom is almost destroyed.
The phantom blinks!
You feel sick.
Attack whom?
Aim: a phantom (almost destroyed)
You reach to attack!
You completely miss the phantom.
The phantom is almost destroyed.
You hit the phantom but do no damage.
The phantom is almost destroyed.
You completely miss the phantom.
The phantom is almost destroyed.
The phantom hits you.
* * * LOW HITPOINT WARNING * * *
You hit the phantom.
The phantom is almost destroyed.
You feel sick. The phantom hits you!
* * * LOW HITPOINT WARNING * * *
A kobold comes into view.
The kobold shouts!
Drink which item? (? for menu, Esc to quit)
You feel yourself speed up.
It was a potion of haste.
The phantom hits you.
You die...
Your body rises from the dead as a mindless zombie.

Action                   |  1- 3 |  4- 6 || total
-------------------------+-------+-------++-------
Melee: Spear             |   137 |   224 ||   361
Invok: Animate Remains   |    11 |    18 ||    29
       Injury Mirror     |       |     3 ||     3
Evoke: Wand              |       |     4 ||     4
  Use: Scroll            |     1 |     1 ||     2
       Potion            |       |     2 ||     2
 Stab: Distracted        |       |     1 ||     1
  Eat: Chunk             |     3 |     6 ||     9
       Fruit             |       |     2 ||     2
       Pizza             |       |     1 ||     1

Vault maps used:
D:1:      dpeg_arrival_round_b
D:2:      uniq_iyjb, uniq_jessica
D:3:      demons_altar, dk_noncrumbling_3, wad_woods_river_04,
          lemuel_blue_sif_altar, uniq_natasha
D:4:      zin_statuary, nicolae_overflow_hidden_temple,
          minmay_temple_entry_grid, first_bread, st_stairs_2, uniq_grinder,
          uniq_menkaure

Notes
Turn   | Place    | Note
--------------------------------------------------------------
     0 | D:1      | RobertPalmer, the Human Death Knight, began the quest for the Orb.
     0 | D:1      | Reached XP level 1. HP: 16/16 MP: 2/2
   381 | D:1      | Reached XP level 2. HP: 19/22 MP: 3/3
   538 | D:1      | Reached skill level 3 in Polearms
   870 | D:1      | Reached XP level 3. HP: 23/27 MP: 5/5
  1477 | D:2      | Noticed Ijyb
  1519 | D:1      | Killed Ijyb
  1519 | D:1      | Reached skill level 4 in Polearms
  1519 | D:1      | Reached XP level 4. HP: 22/33 MP: 6/6
  1680 | D:1      | Your ally Ijyb died
  1918 | D:2      | Noticed Jessica
  1929 | D:2      | Killed Jessica
  1929 | D:2      | Acquired Yredelemnul's second power
  2341 | D:3      | Reached XP level 5. HP: 35/38 MP: 6/8
  2464 | D:3      | Noticed Natasha
  2479 | D:3      | Killed Natasha
  2479 | D:3      | Reached skill level 5 in Polearms
  2587 | D:3      | Noticed Natasha
  2592 | D:3      | Killed Natasha
  2685 | D:3      | Noticed Natasha
  2691 | D:3      | Killed Natasha
  3075 | D:3      | Your ally Natasha died
  3165 | D:3      | Found a burning altar of Makhleb.
  3203 | D:3      | Reached XP level 6. HP: 18/44 MP: 9/9
  3302 | D:2      | Reached skill level 6 in Polearms
  3612 | D:3      | Found a deep blue altar of Sif Muna.
  4090 | D:4      | Noticed Grinder
  4139 | D:4      | Found an iron altar of Okawaru.
  4151 | D:4      | Noticed Menkaure
  4246 | D:4      | HP: 2/44 [phantom (8)]
  4249 | D:4      | Slain by a phantom

Vanquished Creatures
  A scorpion (D:4)
  A worker ant (D:4)
  3 iron imps
  An iguana (D:4)
  Jessica (D:2)
  2 worms (D:2)
  A giant gecko (D:3)
  An orc (D:3)
  Natasha (D:3)
  6 bats
  2 giant cockroaches
  7 hobgoblins
  11 kobolds
  A quokka (D:3)
  5 giant newts
  7 goblins
  14 rats
65 creatures vanquished.

Vanquished Creatures (collateral kills)
  Natasha (twice) (D:3)
  Ijyb (D:1)
  4 adders
  A worm (D:1)
  An ooze (D:1)
  2 orcs
  2 goblins
  A kobold (D:1)
  2 rats
16 creatures vanquished.

Vanquished Creatures (others)
  A scorpion zombie (D:4)
  An iguana zombie (D:4)
  An adder zombie (D:3)
  3 bat zombies
  A felid zombie (D:3)
  A giant cockroach zombie (D:3)
  A giant gecko zombie (D:3)
  A giant newt zombie (D:1)
  4 goblin zombies
  A hobgoblin zombie (D:1)
  4 kobold zombies
  2 orc zombies (D:3)
  A quokka zombie (D:3)
22 creatures vanquished.

Grand Total: 103 creatures vanquished
